 Dungeon Sprint DCSS version 0.23-b1-67-g8bd44de8e4 (webtiles) character file.

Game seed: 15309155166835012904

3640 Groucho the Imperceptible (level 9, -1/78 HPs)
             Began as a Felid Berserker on Feb 5, 2019.
             Was a High Priest of Trog.
             Killed from afar by a fire giant (34 damage)
             ... with a bolt of fire
             ... in the Dungeon (Sprint I: "Red Sonja").
             The game lasted 00:13:03 (2183 turns).

Groucho the Imperceptible (Felid Berserker)         Turns: 2183, Time: 00:13:03

Health: -1/78      AC:  2    Str: 18    XL:     9   Next: 87%
Magic:  10/10      EV: 32    Int:  7    God:    Trog [*****.]
Gold:   1213       SH:  0    Dex: 20    Spells: 8/8 levels left
                                        Lives:  0   Deaths: 3

rFire    . . .     SeeInvis +     - Unarmed
rCold    + . .     Gourm    .   (shield unavailable)
rNeg     . . .     Faith    .   (armour unavailable)
rPois    +         Spirit   .   (helmet unavailable)
rElec    +         Reflect  .   (cloak unavailable)
rCorr    .         Harm     .   (gloves unavailable)
MR       +....     NoTele   +   (boots unavailable)
Stlth    ..........             m - amulet "Ineplese" {RegenMP rElec rC+ Int-5 Stlth+}
HPRegen  0.23/turn              n - ring "Qusm" {rPois Int+4 Stlth+}
MPRegen  0.37/turn              (no ring)

@: berserking, very quick
A: very small, no armour, no weapons or thrown items, stealth, claws 1, fangs 3,
see invisible, carnivore, speed 1, shaggy fur 2, slow metabolism 1, sharp paws
a: Berserk, Trog's Hand, Brothers in Arms, Renounce Religion


You were in the Dungeon.
You worshipped Trog.
Trog was extremely pleased with you.
You were not hungry.

You visited 1 branch You collected 1826 gold pieces.
You spent 613 gold pieces at shops.

Inventory:

Jewellery
 m - the amulet "Ineplese" (around neck) {RegenMP rElec rC+ Int-5 Stlth+}
   (You found it in the Dungeon)

   [amulet of magic regeneration]

   It increases your magic regeneration.
   It affects your intelligence (-5).
   It protects you from cold.
   It insulates you from electricity.
   It makes you more stealthy.
 n - the ring "Qusm" (left paw) {rPois Int+4 Stlth+}
   (You bought it in a shop in the Dungeon)

   [ring of intelligence]

   It affects your intelligence (+4).
   It protects you from poison.
   It makes you more stealthy.
 p - an uncursed ring of see invisible
Wands
 c - a wand of flame (4)
Scrolls
 i - a scroll of remove curse {unknown}
Potions
 b - a potion of curing
 d - a potion of haste
 e - 2 potions of magic
 f - 2 potions of berserk rage
 h - a potion of lignification {unknown}
 j - a potion of flight
 k - a potion of mutation {unknown}
 l - 2 potions of ambrosia {unknown}
 o - a potion of might
Comestibles
 a - 3 rations


   Skills:
 + Level 14.1 Fighting
 + Level 14.9 Dodging
 - Level 24.1 Stealth
 * Level 16.2 Unarmed Combat


You had 8 spell levels left.
You didn't know any spells.
Your spell library was empty.

Dungeon Overview and Level Annotations

Branches:
Dungeon (1/1)

Altars:
Cheibriados
Dithmenos
Elyvilon
Fedhas
Gozag
Hepliaklqana
Kikubaaqudgha
Makhleb
Nemelex Xobeh
Okawaru
Qazlal
Ru
Sif Muna
Trog
Uskayaw
Vehumet
Wu Jian
Xom
Yredelemnul
Zin
The Shining One
Jiyva
Lugonu

Shops:
D :%}=!(%%!%*}**[[%:[[[


Innate Abilities, Weirdness & Mutations

You cannot wear armour.
You are incapable of wielding weapons or throwing items.
Your paws allow you to move quietly. (Stealth)
You have sharp claws.
You have razor-sharp teeth.
You have supernaturally acute eyesight. (SInv)
You are carnivorous and can eat meat at any time.
You cover ground quickly.
You are covered in thick fur. (AC +2)
You have a slow metabolism.
Your sharp claws are effective at attacking unaware monsters.


Message History

A red film seems to cover your vision as you go berserk!
You feel yourself moving faster!
You feel mighty!
You feel a lot more hungry.
The fire giant shouts!
The fire giant hits you with a +2 great sword of flaming!!
The fire giant burns you!
You are too injured to fight recklessly!
You are too injured to fight recklessly!
You are too injured to fight recklessly!
You are too injured to fight recklessly!
You are too injured to fight recklessly!
You are too injured to fight recklessly!
You are too injured to fight recklessly!
Unknown command.
You mangle the fire giant!!
The fire giant is moderately wounded.
You mangle the fire giant!!
The fire giant is heavily wounded.
The fire giant gestures at you while chanting.
The bolt of fire hits you!!
You die...

#################################
)'..#__#..'..)#.(#§§§§§...§§§'†.#
.#..'.÷'..#...##§#§####§§§§§##..'
###'#__####)..'§§#.#.###§§§######
..#.####§§#####§.§.#'#$###'# [?##
.##(#§≈§§§#..##C####^°$#y#.##$$$#
'#_.'§§§§§§..#○.@°^#..$###.§###$#
..._#≈≈≈§)#§§#.○.^°'..$$$##.#A#$#
_.#'##+#####'###○☼°#^....#..###$#
#'#.#....###.'.#.☼.###++##.##..$#
#.####'###.###.#^.###..###..#+###
...).....'.∩##.#.^####..###...#
...###########.##'#$.#[$#$###.#
#.###......§##§##.#$$..°°$$$#†#
#'#.#......§§§§####$○$$$$$$$#§#


You could see a fire giant.

Vanquished Creatures
  A fire giant (D)
  A lorocyproca (D)
  A hydra (D)
  2 centaur warriors (D)
  7 unseen horrors (D)
  A lindwurm (D)
  A deep troll (D)
  An oklob plant (D)
  A gargoyle (D)
  2 kobold demonologists (D)
  A hornet (D)
  A slime creature (D)
  Sigmund (D)
  2 redbacks (D)
  A yak (D)
  13 hogs (D)
  3 floating eyes (D)
  An ogre (D)
  7 necrophages (D)
  8 jellies (D)
  Ijyb (D)
  2 ballistomycetes (D)
59 creatures vanquished.

Vanquished Creatures (collateral kills)
  Sonja (D)
  8 shining eyes (D)
  4 demonic crawlers (D)
  4 floating eyes (D)
17 creatures vanquished.

Vanquished Creatures (others)
  3 hornets (D)
  2 ballistomycete spores (D)
5 creatures vanquished.

Grand Total: 81 creatures vanquished

Notes
Turn   | Place    | Note
-------+----------+-------------------------------------------
     0 | D        | Groucho the Felid Berserker began the quest for the Orb.
     0 | D        | Reached XP level 1. HP: 10/10 MP: 2/2
     2 | D        | Noticed Ijyb
    11 | D        | Killed Ijyb
    11 | D        | Reached skill level 8 in Stealth
    11 | D        | Reached XP level 2. HP: 7/14 MP: 3/3
   325 | D        | Noticed an ogre
   327 | D        | Killed an ogre
   327 | D        | Reached skill level 12 in Stealth
   327 | D        | Reached XP level 3. HP: 17/17 MP: 4/4
   327 | D        | Reached XP level 4. HP: 21/21 MP: 5/5
   330 | D        | Noticed Sigmund
   332 | D        | Killed Sigmund
   332 | D        | Reached ** piety under Trog
   332 | D        | Reached skill level 16 in Stealth
   332 | D        | Reached XP level 5. HP: 24/24 MP: 6/6
   332 | D        | Gained mutation: You are covered in thick fur. (AC +2)
                  | [Felid growth]
   332 | D        | Reached XP level 6. HP: 28/28 MP: 7/7
   361 | D        | Found a deep blue altar of Sif Muna.
   362 | D        | Found an ornate altar of the Wu Jian Council.
   363 | D        | Found a radiant altar of Vehumet.
   379 | D        | Found Pyfem's Jewellery Emporium.
   379 | D        | Found an ancient bone altar of Kikubaaqudgha.
   379 | D        | Found a hazy altar of Hepliaklqana.
   379 | D        | Found a stormy altar of Qazlal.
   379 | D        | Found a hide-covered altar of Uskayaw.
   379 | D        | Found a blossoming altar of Fedhas.
   379 | D        | Found a bloodstained altar of Trog.
   379 | D        | Found an iron altar of Okawaru.
   379 | D        | Found a basalt altar of Yredelemnul.
   379 | D        | Found a glowing golden altar of the Shining One.
   379 | D        | Found a snail-covered altar of Cheibriados.
   379 | D        | Found a sacrificial altar of Ru.
   379 | D        | Found a glowing silver altar of Zin.
   379 | D        | Found a shadowy altar of Dithmenos.
   379 | D        | Found a white marble altar of Elyvilon.
   379 | D        | Noticed a yak
   387 | D        | Killed a yak
   387 | D        | Reached skill level 18 in Stealth
   389 | D        | Found an opulent altar of Gozag.
   405 | D        | Found a sparkling altar of Nemelex Xobeh.
   452 | D        | Found a burning altar of Makhleb.
   452 | D        | Found a shimmering altar of Xom.
   452 | D        | Noticed a slime creature
   453 | D        | Found a viscous altar of Jiyva.
   453 | D        | Found a corrupted altar of Lugonu.
   455 | D        | Killed a slime creature
   455 | D        | Reached *** piety under Trog
   455 | D        | Reached skill level 5 in Dodging
   455 | D        | Reached XP level 7. HP: 32/32 MP: 8/8
   485 | D        | Noticed a centaur warrior
   485 | D        | Noticed a centaur warrior
   486 | D        | Killed a centaur warrior
   486 | D        | Reached skill level 19 in Stealth
   486 | D        | Reached XP level 8. HP: 39/39 MP: 9/9
   487 | D        | Killed a centaur warrior
   487 | D        | Reached skill level 10 in Dodging
   487 | D        | Reached skill level 20 in Stealth
   503 | D        | Noticed a hornet
   506 | D        | Killed a hornet
   506 | D        | Reached XP level 9. HP: 44/44 MP: 10/10
   519 | D        | Noticed an oklob plant
   521 | D        | Killed an oklob plant
   521 | D        | Reached **** piety under Trog
   551 | D        | Noticed an unseen horror
   552 | D        | Noticed an unseen horror
   558 | D        | Killed an unseen horror
   558 | D        | Reached skill level 21 in Stealth
   560 | D        | Killed an unseen horror
   560 | D        | Reached ***** piety under Trog
   582 | D        | Reached XP level 10. HP: 51/51 MP: 11/11
   585 | D        | Reached skill level 10 in Fighting
   585 | D        | Reached skill level 10 in Unarmed Combat
   658 | D        | Reached ****** piety under Trog
   697 | D        | Found Daer's Food Shoppe.
   697 | D        | Found Joibleni's Food Shop.
   697 | D        | Found Kematrie's Distillery.
   699 | D        | Found Xisuxt's Food Emporium.
   699 | D        | Found Zeodgh's Assorted Antiques.
   699 | D        | Found Xynuri's Gadget Shoppe.
   699 | D        | Found Goyrch's Assorted Antiques.
   699 | D        | Found Qiug's Assorted Antiques.
   699 | D        | Found Vapiotu's Armour Shop.
   699 | D        | Found Kuithrad's Armour Shoppe.
   703 | D        | Found Deelenol's Food Boutique.
   704 | D        | Found Tabigh's Antique Armour Emporium.
   704 | D        | Found Noebrue's Book Boutique.
   705 | D        | Found Urithrod's Armour Emporium.
   725 | D        | Bought a potion of flight for 39 gold pieces
   771 | D        | Noticed a deep troll
   773 | D        | Killed a deep troll
   785 | D        | Found Hifux's Armour Emporium.
   790 | D        | Got a wavering bone amulet
   791 | D        | Identified the amulet "Ineplese" {RegenMP rElec rC+ Int-5
                  | Stlth+} (You found it in the Dungeon)
   801 | D        | Noticed Sonja
   808 | D        | Killed Sonja
   808 | D        | Reached skill level 22 in Stealth
   871 | D        | Found Riewitao's Book Boutique.
   945 | D        | HP: 1/52 [demonic crawler (10)]
   945 | D        | Slain by a demonic crawler
   946 | D        | Reached XP level 9. HP: -4/48 MP: 10/10
   952 | D        | Killed a demonic crawler
   954 | D        | Killed a demonic crawler
   954 | D        | Killed a demonic crawler
   956 | D        | Killed a demonic crawler
  1004 | D        | Noticed a gargoyle
  1038 | D        | Bought the ring "Qusm" {rPois Int+4 Stlth+} for 574 gold
                  | pieces
  1082 | D        | Killed a gargoyle
  1082 | D        | Reached XP level 10. HP: 41/52 MP: 11/11
  1110 | D        | Noticed a lindwurm
  1113 | D        | Killed a lindwurm
  1176 | D        | Reached skill level 23 in Stealth
  1214 | D        | Noticed a daeva
  1222 | D        | Noticed a 12-headed hydra
  1224 | D        | Killed a 12-headed hydra
  1293 | D        | Noticed a shining eye
  1293 | D        | Noticed a shining eye
  1293 | D        | Noticed a shining eye
  1293 | D        | Noticed a shining eye
  1293 | D        | Noticed a shining eye
  1293 | D        | Noticed a shining eye
  1296 | D        | Killed a shining eye
  1296 | D        | Killed a shining eye
  1297 | D        | Killed a shining eye
  1297 | D        | Killed a shining eye
  1297 | D        | Reached XP level 11. HP: 58/58 MP: 12/12
  1298 | D        | Noticed a shining eye
  1298 | D        | Noticed a shining eye
  1299 | D        | Paralysed by a floating eye for 4 turns
  1299 | D        | Killed a shining eye
  1299 | D        | Killed a shining eye
  1302 | D        | Killed a shining eye
  1302 | D        | Killed a shining eye
  1311 | D        | Found Saptoc's Distillery.
  1311 | D        | Found Sots's Food Shoppe.
  1311 | D        | Found Joag's Antique Weapon Boutique.
  1311 | D        | Found Ducvaor's Gadget Emporium.
  1396 | D        | Noticed an unseen horror
  1396 | D        | Noticed an unseen horror
  1396 | D        | Noticed an unseen horror
  1396 | D        | Noticed an unseen horror
  1398 | D        | Killed an unseen horror
  1399 | D        | Noticed an unseen horror
  1400 | D        | Killed an unseen horror
  1401 | D        | Killed an unseen horror
  1401 | D        | Reached skill level 15 in Unarmed Combat
  1403 | D        | Killed an unseen horror
  1403 | D        | Reached skill level 24 in Stealth
  1405 | D        | Killed an unseen horror
  1409 | D        | Noticed a fire giant
  1717 | D        | Noticed a fire giant
  1718 | D        | Noticed a fire giant
  1719 | D        | Noticed a fire giant
  1721 | D        | Killed a fire giant
  1737 | D        | Killed from afar by a fire giant
  1738 | D        | Reached XP level 10. HP: -7/55 MP: 11/11
  1746 | D        | Noticed a lorocyproca
  1761 | D        | Killed a lorocyproca
  1767 | D        | Killed from afar by a meliai
  1768 | D        | Reached XP level 9. HP: -5/52 MP: 3/10
  2183 | D        | Killed from afar by a fire giant

Skill      XL: |  1  2  3  4  5  6  7  8  9 10 11 |
---------------+----------------------------------+-----
Stealth        | 8 12 16 18 19 20 21 23 24 | 24.1
Fighting       | 4 6 8 9 14 13 | 14.1
Dodging        | 5 8 10 12 14 | 14.9
Unarmed Combat | 4 6 8 9 16 15 | 16.2

Action                   |  1- 3 |  4- 6 |  7- 9 | 10-12 || total
-------------------------+-------+-------+-------+-------++-------
Melee: Unarmed           |     8 |     9 |    17 |   138 ||   172
       Bite              |     1 |     1 |       |    16 ||    18
       Punch             |     1 |       |       |    12 ||    13
Invok: Berserk           |     1 |     1 |     2 |     4 ||     8
       Trog's Hand       |       |     1 |     1 |     3 ||     5
       Brothers in Arms  |       |       |     2 |    11 ||    13
  Use: Scroll            |       |       |     2 |     2 ||     4
       Potion            |       |       |       |     4 ||     4
 Stab: Sleeping          |     1 |     3 |    11 |    14 ||    29
  Eat: Chunk             |       |     4 |       |    15 ||    19
Armor: Skin              |       |       |       |     1 ||     1
Dodge: Dodged            |     5 |     3 |     8 |   155 ||   171
